 Dungeon Crawl Stone Soup version 0.31-a0-192-ga50d7bf3bb (webtiles) character file.

Game seed: 17803565636832965302

57 qw the Shooter (level 3, -3/20 HPs)
             Began as a Deep Elf Hunter on June 23, 2023.
             Succumbed to an adder's poison
             ... on level 2 of the Dungeon.
             The game lasted 00:00:22 (866 turns).

qw the Shooter (Deep Elf Hunter)                     Turns: 866, Time: 00:00:22

Health: -3/20      AC:  6    Str: 10    XL:     3   Next: 73%
Magic:  5/5        EV:  9    Int: 13    God:
Gold:   61         SH:  0    Dex: 18    Spells: 2/2 levels left

rFire   . . .        Y - +0 shortbow
rCold   . . .        (shield currently unavailable)
rNeg    . . .        d - +0 scale mail
rPois   .            (no helmet)
rElec   .            (no cloak)
rCorr   .            (no gloves)
SInv    .            (no boots)
Will    .....        (no amulet)
Stlth   +            (no ring)
HPRegen 0.23/turn    (no ring)
MPRegen 0.09/turn

%: no passive effects
@: lethally poisoned (-3 -> -14), about to teleport
A: no striking features
a: no special abilities


You were on level 2 of the Dungeon.
You visited 1 branch of the dungeon, and saw 2 of its levels.

You collected 61 gold pieces.


   Skills:
 - Level 1.5 Fighting
 + Level 7.2 Ranged Weapons
 - Level 2.4 Dodging
 - Level 1.2 Stealth


You had 2 spell levels left.
You didn't know any spells.
Your spell library was empty.

Inventory:

Hand Weapons
 Y - a +0 shortbow (weapon)
Armour
 d - a +0 scale mail (worn)
Scrolls
 b - a scroll of fog {unknown}
 c - a scroll of enchant armour {unknown}
Potions
 a - a potion of heal wounds {unknown}
 e - a potion of magic {unknown}
 h - a potion of brilliance {unknown}

Dungeon Overview and Level Annotations

Branches:
Dungeon (2/15)

Altars:

Annotations:
D:2 Natasha


Message History

c - a scroll labelled URAOTO BARCHIE You now have 61 gold pieces (gained 11).
e - a viscous orange potion
Enter note:
Found a sling.
Enter note: You see here a +0 sling.
You open the door.
There is an open door here.
You open the door.
An adder comes into view.
Natasha, Servant of Life and Death comes into view.
Enter note: You shoot an arrow.
Natasha hisses angrily.
The arrow hits the adder!
The adder is severely wounded.
You shoot an arrow. The arrow misses the adder.
The adder bites you but does no damage.
You shoot an arrow. The arrow barely misses the adder.
The adder bites you but does no damage.
You shoot an arrow. The arrow closely misses the adder.
The adder barely misses you.
Natasha stares at you and mumbles some strange words.
The magic dart hits you! The adder bites you.
You are poisoned.
The adder poisons you! Natasha casts a spell at you. The magic dart hits you.
865 ||| READING scroll of teleportation.
As you read the scroll of teleportation, it crumbles to dust.
You feel strangely unstable.
You feel sick. The adder bites you but does no damage.
A jackal comes into view.
Natasha casts a spell.
The adder bites you.
You are more poisoned.
The adder poisons you!
You shoot an arrow. The arrow misses the adder.
You die... h

#. ##'# ##...##
##.....##
##.....h.##
###.........####...
.'......5.@S......
#.........####...
#.......##
##.....## .#
##...## .# ##'## ..
#)# .# #.# .# ##.##


You could see Natasha, a cerulean imp (summoned), an adder and a jackal.

Vanquished Creatures
  Natasha (D:2)
  2 worms
  A dart slug (D:1)
  2 ball pythons (D:1)
  An endoplasm (D:1)
  2 hobgoblins (D:1)
  5 jackals (D:1)
  A quokka (D:1)
  3 bats (D:1)
  A frilled lizard (D:1)
  A kobold (D:1)
  3 rats (D:1)
23 creatures vanquished.

Notes
Turn   | Place    | Note
-------+----------+-------------------------------------------
     0 | D:1      | qw the Deep Elf Hunter began the quest for the Orb.
     0 | D:1      | Reached XP level 1. HP: 12/12 MP: 3/3
     0 | D:1      | 0 ||| qw: Version: 0.3-a-9-g12657ce
     0 | D:1      | 0 ||| qw: Game counter: 4581
     0 | D:1      | 0 ||| qw: Always use a shield: true
     0 | D:1      | 0 ||| qw: God list: Okawaru
     0 | D:1      | 0 ||| qw: Allow faded altars: false
     0 | D:1      | 0 ||| qw: Do Orc after D:15 true
     0 | D:1      | 0 ||| qw: Do second Lair branch before Depths: true
     0 | D:1      | 0 ||| qw: Lair rune preference: random
     0 | D:1      | 0 ||| qw: Plans: Normal
     0 | D:1      | 0 ||| PLANNING D:1-11
   289 | D:1      | Reached skill level 6 in Ranged Weapons
   289 | D:1      | Reached XP level 2. HP: 16/16 MP: 4/4
   639 | D:1      | 639 ||| UPGRADING to +0 scale mail.
   649 | D:1      | 649 ||| DROPPING +0 leather armour.
   680 | D:1      | 680 ||| READING scroll labelled FAOHESOMAO.
   681 | D:1      | 681 ||| READING 3 scrolls labelled FUSHRA QIEK.
   682 | D:1      | 682 ||| READING 2 scrolls labelled HODERHUBI DIRPH.
   685 | D:1      | 685 ||| READING scroll labelled QUCATUUSTIRCH.
   686 | D:1      | 686 ||| DROPPING scroll of butterflies.
   687 | D:1      | 687 ||| DROPPING 2 scrolls of summoning.
   708 | D:2      | Reached XP level 3. HP: 20/20 MP: 5/5
   772 | D:2      | Noticed Natasha
   778 | D:2      | Killed Natasha
   779 | D:2      | Reached skill level 7 in Ranged Weapons
   812 | D:2      | Found a faded altar of an unknown god.
   860 | D:2      | Noticed Natasha
   864 | D:2      | HP: 4/20 [Natasha/magic dart (6)]
   865 | D:2      | 865 ||| READING scroll of teleportation.
   865 | D:2      | HP: 1/20 [adder (1)]
   866 | D:2      | Succumbed to an adder's poison

Levels and vault maps discovered:
D:1:      dpeg_arrival_brainrot, layout_basic
D:2:      layout_loops_corners, hellmonk_ecumenical_altar_pennies_from_heaven,
          uniq_sigmund, uniq_natasha

Skill      XL: |  1  2  3 |
---------------+----------+-----
Ranged Weapons | 6 7 |  7.2
Fighting       | |  1.5
Dodging        | |  2.4
Stealth        | |  1.2

Action                     || total
---------------------------++-------
   Fire: Shortbow          ||    95
    Use: Scroll            ||     5
 Armour: Leather armour    ||    10
         Scale mail        ||     3
  Dodge: Dodged            ||    33

Table legend:
 A = Non-vault XP
 B = Vault XP
 C = Vault XP percentage of total XP
 D = Non-vault monster count
 E = Vault monster count
 F = Vault count percentage of total count
                 A         B        C        D         E       F
            +---------+---------+-------+---------+---------+-------
      Total |      40 |      42 |  51.2 |      21 |       2 |   8.7
            +---------+---------+-------+---------+---------+-------
        D:1 |      35 |       5 |  12.5 |      20 |       1 |   4.8
        D:2 |       5 |      37 |  88.1 |       1 |       1 |  50.0
            +---------+---------+-------+---------+---------+-------
